 Dungeon Crawl Stone Soup version 0.31-a0-1352-gc98d92de7d (webtiles) character file.

Game seed: 17484523499425744688

676 DJTOni the Basher (level 7, -1/70 HPs)
             Began as an Oni Fighter on Dec 21, 2023.
             Slain by a jackal (2 damage)
             ... in a sewer on Dec 22, 2023.
             The game lasted 00:15:15 (4521 turns).

DJTOni the Basher (Oni Fighter)                     Turns: 4521, Time: 00:15:15

Health: -1/70      AC:  3    Str: 23    XL:     7   Next: 59%
Magic:  7/7        EV:  8    Int:  9    God:
Gold:   242        SH:  7    Dex:  8    Spells: 6/6 levels left

rFire   . . .        a - +3 whip
rCold   + . .        c - +0 kite shield
rNeg    . . .        b - +0 robe
rPois   .            (helmet restricted)
rElec   .            (no cloak)
rCorr   .            (gloves unavailable)
SInv    .            (boots unavailable)
Will    +....        (no amulet)
Stlth   +            j - ring of protection from cold
HPRegen 0.31/turn    o - ring of willpower
MPRegen 0.10/turn

%: no passive effects
@: no status effects
A: large, unfitting armour, horns 1, tough skin 1, double potion healing,
drunken brawling
a: no special abilities


You were in a sewer.
You visited 1 branch of the dungeon, and saw 5 of its levels.
You also visited: Sewer.

You collected 242 gold pieces.

Inventory:

Hand Weapons
 a - a +3 whip (weapon)
Armour
 b - a +0 robe (worn)
 c - a +0 kite shield (worn)
Jewellery
 j - a ring of protection from cold (left hand)
 o - a ring of willpower (right hand)
Scrolls
 e - a scroll of blinking
 f - a scroll of amnesia {unknown}
 i - a scroll of fog
 l - a scroll of butterflies
 m - a scroll of enchant weapon
Potions
 g - a potion of heal wounds {unknown}
 h - 3 potions of curing {unknown}
 k - a potion of ambrosia {unknown}
 p - 4 potions of haste {unknown}
 q - 3 potions of mutation {unknown}


   Skills:
 - Level 4.0 Fighting
 + Level 8.1 Maces & Flails
 - Level 3.0 Dodging
 - Level 3.0 Shields


You had 6 spell levels left.
You didn't know any spells.
Your spell library was empty.

Dungeon Overview and Level Annotations

Branches:
Dungeon (5/15) Zot: 26092   Sewer (1/1) Zot: 5334
 Temple: D:4-7

Altars:
Kikubaaqudgha
Xom

Annotations:
D:4 1 exclusion


Innate Abilities, Weirdness & Mutations

You are too large for most types of armour.
You have a pair of small horns on your head.
You have tough skin. (AC +1)
You gain doubled healing and magic from potions.
Whenever you drink a healing potion, you attack all around you.


Message History

The jackal splashes around in the water.
The kobold splashes around in the water.
The jackal bites you.
* * * LOW HITPOINT WARNING * * *
The kobold closely misses you. The kobold hits you but does no damage.
The jackal splashes around in the water.
The kobold closely misses you.
The jackal bites you but does no damage.
The kobold hits you with a +0 short sword.
* * * LOW HITPOINT WARNING * * *
You block the kobold's attack. The jackal closely misses you.
The kobold barely misses you.
The jackal bites you but does no damage.
The kobold hits you with a +0 short sword.
* * * LOW HITPOINT WARNING * * *
The jackal splashes around in the water.
You block the kobold's attack. The kobold barely misses you.
The jackal bites you.
* * * LOW HITPOINT WARNING * * *
The kobold hits you but does no damage.
The jackal bites you but does no damage.
You block the kobold's attack.
The kobold splashes around in the water.
You block the jackal's attack. You block the kobold's attack.
The jackal splashes around in the water.
The kobold hits you with a +0 short sword.
* * * LOW HITPOINT WARNING * * *
The kobold closely misses you. The jackal bites you.
* * * LOW HITPOINT WARNING * * *
The kobold hits you but does no damage. The jackal bites you.
* * * LOW HITPOINT WARNING * * *
The kobold hits you but does no damage. The jackal bites you.
* * * LOW HITPOINT WARNING * * *
The kobold closely misses you. You block the kobold's attack.
The jackal closely misses you.
The kobold splashes around in the water.
The jackal bites you.
You die...

##....~≈~.#
#......~. .....
####.#### #..~~...#
#.~~~~~.# #.~≈≈≈~.#
#Kh≈≈≈~~# #K@≈≈≈~.#
#.~~≈~~~# #.~~≈~.~#
#~.~≈~~~###########
#~.~≈~~(~~†~~~~~~~~
#..~≈~.~###########
##.~≈~~## #.~≈~.#
###.~≈≈~#


You could see a jackal and 2 kobolds.

Vanquished Creatures
  A black bear (D:4)
  A phantom (D:5)
  A kobold brigand (Sewer)
  A scorpion (D:5)
  A wight (D:5)
  A hound (D:4)
  An iguana (D:4)
  A sleepcap (D:5)
  3 gnolls
  6 adders
  2 river rats (Sewer)
  2 bombardier beetles
  3 worms
  12 orcs
  6 ball pythons
  9 bats
  7 endoplasms
  5 giant cockroaches
  9 goblins
  9 hobgoblins
  5 jackals
  14 kobolds
  2 quokkas
  3 frilled lizards
  18 rats
123 creatures vanquished.

Notes
Turn   | Place    | Note
-------+----------+-------------------------------------------
     0 | D:1      | DJTOni the Oni Fighter began the quest for the Orb.
     0 | D:1      | Reached XP level 1. HP: 24/24 MP: 1/1
   154 | D:1      | Gained mutation: You gain doubled healing and magic from
                  | potions. [Oni growth]
   154 | D:1      | Gained mutation: You have a pair of small horns on your
                  | head. [Oni growth]
   154 | D:1      | Gained mutation: You have tough skin. (AC +1) [Oni growth]
   154 | D:1      | Reached XP level 2. HP: 32/32 MP: 2/2
   368 | D:1      | Reached XP level 3. HP: 33/39 MP: 3/3
   631 | D:1      | Reached skill level 3 in Maces & Flails
  1323 | D:2      | Reached XP level 4. HP: 48/48 MP: 4/4
  1610 | D:3      | Reached skill level 4 in Maces & Flails
  2077 | D:3      | Found a shimmering altar of Xom.
  2216 | D:3      | Reached XP level 5. HP: 54/54 MP: 5/5
  2458 | D:4      | Reached skill level 5 in Maces & Flails
  2761 | D:4      | Reached XP level 6. HP: 61/62 MP: 6/6
  3089 | D:4      | Reached skill level 6 in Maces & Flails
  3174 | D:4      | Noticed a black bear
  3188 | D:4      | Killed a black bear
  3359 | D:5      | Entered Level 5 of the Dungeon
  3654 | D:5      | Reached skill level 7 in Maces & Flails
  3654 | D:5      | Reached XP level 7. HP: 58/70 MP: 7/7
  3760 | D:5      | Found an ancient bone altar of Kikubaaqudgha.
  3788 | D:5      | Found a glowing drain.
  3864 | Sewer    | Entered a sewer
  4254 | Sewer    | Reached skill level 8 in Maces & Flails
  4479 | Sewer    | Upgraded the game from 0.31-a0-1336-g7fd7ca34b5 to
                  | 0.31-a0-1352-gc98d92de7d
  4519 | Sewer    | HP: 2/70 [jackal (2)]
  4521 | Sewer    | Slain by a jackal

Illustrated notes

Levels and vault maps discovered:
D:1:      roderic_crossed_star, layout_loops_ring, st_stairs_3,
          nicolae_concentric_dashed_squares_wild
D:2:      layout_loops_cross, minmay_rat_gold_closets
D:3:      layout_loops_ring, general_overflow_altar
D:4:      layout_loops_ring, chequers_serial_rivers_marsh,
          nicolae_grassy_gnolls, uniq_crazy_yiuf_cottage
D:5:      layout_basic, mainiacjoe_overflow_catwalk,
          cheibrodos_sewer_entry_drain
Sewer:    sewer_kobolds

Skill      XL: |  1  2  3  4  5  6  7 |
---------------+----------------------+-----
Shields        | 3 |  3.0
Dodging        | 3 |  3.0
Maces & Flails | 3 4 5 7 8 |  8.1
Fighting       | |  4.0

Action                     |  1- 3 |  4- 6 |  7- 9 || total
---------------------------+-------+-------+-------++-------
  Melee: Flail             |   117 |    15 |       ||   132
         Headbutt          |    12 |    27 |     8 ||    47
         Whip              |       |   161 |    65 ||   226
         Morningstar       |       |     4 |       ||     4
  Throw: Throwing net      |       |     4 |       ||     4
    Use: Potion            |     1 |       |     1 ||     2
         Scroll            |       |     5 |       ||     5
 Armour: Robe              |    58 |    73 |    76 ||   207
  Dodge: Dodged            |    34 |    28 |    33 ||    95
  Block: Kite shield       |    38 |    47 |    61 ||   146

Table legend: (Time is in decaauts)
 A = Elapsed time spent in this place.
 B = Non-inter-level travel time spent in this place.
 C = Inter-level travel time spent in this place.
 D = Time resting spent in this place.
 E = Time spent auto-exploring this place.
 F = Levels seen in this place.
 G = Mean time per level.
                   A        B        C        D        E       F      G
               +--------+--------+--------+--------+--------+-----+--------+
         Total |   4572 |   4493 |     79 |    380 |   2949 |   6 |  762.0 |
       Dungeon |   3907 |   3828 |     79 |    181 |   2707 |   5 |  781.4 |
         Sewer |    664 |    664 |      0 |    199 |    242 |   1 |  664.0 |
               +--------+--------+--------+--------+--------+-----+--------+

Top non-repeatable levels by time:
     D:3: 890 daAuts
     D:4: 880 daAuts
     D:1: 834 daAuts
     D:2: 803 daAuts
   Sewer: 664 daAuts
     D:5: 498 daAuts
